 Dungeon Crawl Stone Soup version 0.30-a0-424-g7412bad402 (webtiles) character file.

Game seed: 15328711552596093702

838 cforsyth the Trooper (level 7, 0/96 HPs)
             Began as a Minotaur Berserker on Dec 10, 2022.
             Was an Elder of Trog.
             Killed by nerve-wracking pain
             ... invoked by an orc priest
              (6 damage)
             ... on level 5 of the Dungeon.
             The game lasted 00:07:12 (3832 turns).

cforsyth the Trooper (Minotaur Berserker)           Turns: 3832, Time: 00:07:13

Health: 0/96       AC: 14    Str: 24    XL:     7   Next: 67%
Magic:  6/6        EV:  8    Int:  4    God:    Trog [****..]
Gold:   258        SH:  0    Dex:  9    Spells: 6/6 levels left

rFire   . . .      SeeInvis .    q - +0 trident
rCold   . . .      Faith    .    (no shield)
rNeg    . . .      Spirit   .    n - +0 plate armour
rPois   .          Reflect  .    (helmet restricted)
rElec   .          Harm     .    (no cloak)
rCorr   .          Rampage  .    c - +1 pair of gloves
Will    .....                    (no boots)
Stlth   ..........               (no amulet)
HPRegen 0.36/turn                (no ring)
MPRegen 0.10/turn                (no ring)

@: berserking, very quick
A: horns 2, retaliatory headbutt
a: Renounce Religion, Berserk, Trog's Hand, Brothers in Arms


You were on level 5 of the Dungeon.
You worshipped Trog.
Trog was greatly pleased with you.
You visited 1 branch of the dungeon, and saw 5 of its levels.
You also visited: Sewer and Ossuary.

You collected 258 gold pieces.

Inventory:

Hand Weapons
 a - a +0 spear
 p - a +0 antimagic sling
 q - a +0 trident (weapon)
Armour
 c - a +1 pair of gloves (worn)
 n - a +0 plate armour (worn)
Scrolls
 b - 2 scrolls of teleportation {unknown}
 d - 4 scrolls of identify {unknown}
 e - 2 scrolls of noise {unknown}
 f - 3 scrolls of magic mapping {unknown}
 g - 2 scrolls of immolation {unknown}
 h - a scroll of amnesia {unknown}
 i - 2 scrolls of vulnerability {unknown}
 k - a scroll of poison {unknown}
 u - a scroll of fog {unknown}
 v - a scroll of silence {unknown}
 x - a scroll of enchant armour {unknown}
 y - 2 scrolls of fear {unknown}
Potions
 j - 3 potions of degeneration {unknown}
 l - a potion of flight {unknown}
 m - a potion of haste {unknown}
 o - 2 potions of might {unknown}
 r - a potion of attraction {unknown}
 s - 3 potions of curing {unknown}
 t - a potion of heal wounds {unknown}
 w - a potion of lignification {unknown}
 z - a potion of experience {unknown}
 A - a potion of magic {unknown}
 B - 2 potions of brilliance {unknown}


   Skills:
 + Level 6.3 Fighting
 + Level 6.2 Polearms
 + Level 5.6 Armour
 + Level 5.2 Dodging


You had 6 spell levels left.
You didn't know any spells.
Your spell library was empty.

Dungeon Overview and Level Annotations

Branches:
Dungeon (6/15)             Temple (0/1) D:5           Sewer (visited)
Ossuary (visited)

Altars:
The Shining One


Innate Abilities, Weirdness & Mutations

You have a pair of horns on your head.
You reflexively headbutt those who attack you in melee.


Message History

You hit the orc priest.
The orc priest is almost dead.
The orc priest hits you but does no damage.
The orc priest hits you with a +0 war axe!
The orc priest closely misses you.
You hit the orc priest but do no damage.
The orc priest is almost dead.
The orc priest looks encouraged for a moment.
The orc priest calls down the wrath of Beogh upon you.
Pain shoots through your body!
The orc priest looks braver for a moment.
You puncture the orc priest!
You kill the orc priest!
Trog accepts your kill.
The orc priest mumbles some strange prayers to Beogh against you.
Beogh smites you!
The orc priest invokes the aid of Beogh against you.
Beogh smites you!
* * * LOW HITPOINT WARNING * * *
A red film seems to cover your vision as you go berserk!
You feel yourself moving faster!
You feel mighty!
The orc priest hits you but does no damage.
The orc priest calls down the wrath of Beogh upon you.
You struggle to resist.
You hit the orc priest.
The orc priest is moderately wounded.
The orc priest hits you with a +0 club.
* * * LOW HITPOINT WARNING * * *
The orc priest hits you with a +0 short sword.
* * * LOW HITPOINT WARNING * * *
Unknown command.
You puncture the orc priest!
The orc priest is almost dead.
Unknown command.
You barely miss the orc priest. Your headbutt misses the orc priest.
The orc priest is almost dead.
The orc priest hits you but does no damage.
The orc priest invokes the aid of Beogh against you.
Pain shoots through your body!
You die...

### . #....
#####.#. #.
...... #.
###..##
#.##.....# .#
#.##....@###.o.#
#.##...o)o......
#.##......⌠..>..
.# #.
#.##............
#.# .
#........###...#
#.#.#
#######..#.....#
#.⌠.# ###.#.#
.........####.##
#..^###.#...#
########.# #.#
#........#.# #.#
#.# #........#.#


You could see 2 orc priests.

Vanquished Creatures
  A black bear (D:3)
  A necrophage (D:5)
  4 water moccasin zombies (Ossuary)
  A quasit (D:5)
  A hound (D:5)
  2 orc priests (D:5)
  3 mummies
  Robin (D:2)
  9 adders
  6 river rats
  A white imp (D:6)
  7 adder zombies (Ossuary)
  4 worms
  2 dart slugs (D:2)
  3 orcs
  9 endoplasms
  4 gnoll zombies (Ossuary)
  7 goblins
  9 hobgoblins
  5 quokkas
  7 ball pythons
  6 bats
  4 frilled lizards
  A goblin skeleton (D:5)
  3 goblin zombies (D:5)
  11 hobgoblin zombies
  11 kobolds
  A kobold skeleton (D:5)
  4 kobold zombies
  6 orc zombies
  9 rats
143 creatures vanquished.

Notes
Turn   | Place    | Note
-------+----------+-------------------------------------------
     0 | D:1      | cforsyth the Minotaur Berserker began the quest for the
                  | Orb.
     0 | D:1      | Reached XP level 1. HP: 19/19 MP: 0/0
   329 | D:1      | Reached XP level 2. HP: 27/27 MP: 1/1
  1005 | D:2      | Reached ** piety under Trog
  1053 | D:2      | Reached XP level 3. HP: 28/33 MP: 2/2
  1289 | D:2      | Noticed Robin
  1358 | D:2      | Killed Robin
  1793 | D:2      | Reached XP level 4. HP: 40/40 MP: 3/3
  2365 | D:3      | Noticed a black bear
  2376 | D:3      | Killed a black bear
  2377 | D:3      | Reached XP level 5. HP: 23/47 MP: 4/4
  2519 | D:3      | Found a faded altar of an unknown god.
  2648 | D:3      | You fall into a shaft and drop 3 floors!
  2654 | D:6      | Found a sand-covered staircase.
  2658 | D:6      | Reached skill level 5 in Fighting
  2661 | Ossuary  | Entered an ossuary
  2684 | Ossuary  | Reached skill level 5 in Polearms
  2691 | Ossuary  | Reached XP level 6. HP: 55/56 MP: 5/5
  2765 | Ossuary  | Reached *** piety under Trog
  2809 | Ossuary  | Reached skill level 5 in Armour
  2826 | Ossuary  | Reached XP level 7. HP: 41/62 MP: 6/6
  2994 | D:5      | Entered Level 5 of the Dungeon
  3009 | D:5      | Found a glowing golden altar of the Shining One.
  3349 | D:5      | Found a glowing drain.
  3353 | D:5      | Reached skill level 5 in Dodging
  3360 | Sewer    | Entered a sewer
  3378 | Sewer    | Reached **** piety under Trog
  3810 | D:5      | Found a staircase to the Ecumenical Temple.
  3832 | D:5      | Killed from afar by an orc priest

Illustrated notes

Levels and vault maps discovered:
D:1:      onia_arrival_pentagram, layout_basic
D:2:      layout_basic, uniq_robin
D:3:      layout_loops_corners, shapermc_ecumenical_altar_mp_ritualfount,
          minmay_misc_feat_x
D:5:      layout_loops_ring, nicolae_tso_besieged_by_evil,
          dancing_weapons_uskayaw, minmay_temple_entry_junction,
          lightli_sewer_entry_pipes, serial_bayou_pond_e,
          minmay_misc_feat_plants
D:6:      layout_basic, mainiacjoe_overflow_tiny_flanked,
          nicolae_ossuary_entry_giza, uniq_menkaure

Skill      XL: |  1  2  3  4  5  6  7 |
---------------+----------------------+-----
Armour         | 3 4 5 |  5.6
Polearms       | 4 5 6 |  6.2
Fighting       | 4 5 6 |  6.3
Dodging        | 3 4 5 |  5.2

Action                   |  1- 3 |  4- 6 |  7- 9 || total
-------------------------+-------+-------+-------++-------
Melee: Spear             |    95 |    23 |       ||   118
       Headbutt          |     8 |    24 |    19 ||    51
       Trident           |       |   136 |   170 ||   306
       Punch             |       |       |     1 ||     1
Invok: Berserk           |     1 |     1 |     2 ||     4
 Stab: Sleeping          |     1 |       |       ||     1
       Distracted        |     1 |       |       ||     1
Armor: Animal skin       |    15 |       |       ||    15
       Plate armour      |     5 |    84 |   108 ||   197
Dodge: Dodged            |    50 |    28 |    65 ||   143

Table legend: (Time is in decaauts)
 A = Elapsed time spent in this place.
 B = Non-inter-level travel time spent in this place.
 C = Inter-level travel time spent in this place.
 D = Time resting spent in this place.
 E = Time spent auto-exploring this place.
 F = Levels seen in this place.
 G = Mean time per level.
                   A        B        C        D        E       F      G
               +--------+--------+--------+--------+--------+-----+--------+
         Total |   3981 |   3822 |    159 |    215 |   2455 |   7 |  568.7 |
       Dungeon |   3254 |   3095 |    159 |    215 |   1960 |   5 |  650.8 |
         Sewer |    456 |    456 |      0 |      0 |    344 |   1 |  456.0 |
       Ossuary |    270 |    270 |      0 |      0 |    151 |   1 |  270.0 |
               +--------+--------+--------+--------+--------+-----+--------+

Top non-repeatable levels by time:
     D:2: 1186 daAuts
     D:1: 905 daAuts
     D:3: 569 daAuts
     D:5: 514 daAuts
   Sewer: 456 daAuts
 Ossuary: 270 daAuts
     D:6: 78 daAuts
